 Dungeon Sprint DCSS version 0.25-a0-502-g6516661a7a (webtiles) character file.

Game seed: 14447604753133537671, levelgen mode: deterministic

27900000 jt the Formicid Barricade (level 27, -28/247 (249) HPs)
             Began as a Formicid Fighter on Feb 12, 2020.
             Was the Champion of Makhleb.
             Killed from afar by an observer (33 damage)
             ... with a bolt of fire
             ... in the Dungeon (Sprint VIII: "Arena of Blood").
             The game lasted 00:05:33 (279 turns).

jt the Formicid Barricade (Formicid Fighter)         Turns: 279, Time: 00:05:34

HP:   -28/247 (249) AC: 13    Str: 24    XL:     27
MP:   54/54         EV: 32    Int:  9    God:    Makhleb [******]
Gold: 0             SH:  0    Dex: 19    Spells: 80/80 levels left

rFire    + . .     SeeInvis +   l - +∞ Axe of Woe
rCold    . . .     Gourm    .   c - +0 kite shield
rNeg     . . .     Faith    .   b - +0 scale mail
rPois    .         Spirit   .   (helmet unavailable)
rElec    .         Reflect  .   (no cloak)
rCorr    .         Harm     .   (no gloves)
MR       ++...                  (no boots)
Stlth    ++........             (no amulet)
HPRegen  0.00/turn              m - ring of protection from fire
MPRegen  0.34/turn              (no ring)

@: confused, lethally poisoned (-28 -> -77), non-regenerating, diseased
A: permanent stasis, dig shafts and tunnels, four strong arms, antennae 3
a: Dig, Minor Destruction, Lesser Servant of Makhleb, Major Destruction, Greater
Servant of Makhleb, Renounce Religion


You were in the Dungeon.
You worshipped Makhleb.
Makhleb was exalted by your worship.
You were not hungry.

You visited 1 branch

Inventory:

Hand Weapons
 a - a +0 war axe
 l - the +∞ Axe of Woe (weapon)
   (You found it in the Dungeon)
Armour
 b - a +0 scale mail (worn)
 c - a +0 kite shield (worn)
Jewellery
 m - a ring of protection from fire (left hand)
 n - a +30 ring of slaying
 o - a +30 ring of slaying
Scrolls
 k - a scroll of blinking
Potions
 d - a potion of might
 e - a potion of curing
 g - a potion of heal wounds
 h - a potion of haste
 i - 2 potions of magic
 j - a potion of berserk rage
Comestibles
 f - a ration


   Skills:
 O Level 27 Fighting
 O Level 27 Axes
 O Level 27 Throwing
 O Level 27 Armour
 O Level 27 Dodging
 O Level 27 Stealth
 O Level 27 Shields
 O Level 27 Unarmed Combat
 O Level 27 Spellcasting
 O Level 27 Invocations


You had 80 spell levels left.
You didn't know any spells.
Your spell library was empty.

Dungeon Overview and Level Annotations

Branches:
Dungeon (1/1)

Altars:
Makhleb


Innate Abilities, Weirdness & Mutations

You cannot be hasted, slowed, berserked, paralysed or teleported.
You can dig through walls and to a lower floor.
Your four strong arms can wield two-handed weapons with a shield.
You have a pair of large antennae on your head. (SInv)


Message History

You hear a shout! x3
The eight-headed meat hydra calls on the powers of darkness!
The eight-headed meat hydra convulses!
The meat berserker convulses!
The fleshlord convulses!
Your body is wracked with pain!
* * * LOW HITPOINT WARNING * * *
The bag of meat convulses!
The eight-headed meat hydra convulses! x2
The meat berserker convulses!
The fleshlord convulses!
The scourge convulses!
The observer convulses!
The bag of meat convulses!
The observer convulses!
The fleshlord convulses!
The scourge convulses!
The meat berserker convulses!
You hear a shout!
The meat berserker hits you with a +9 battleaxe!!
* * * LOW HITPOINT WARNING * * *
The observer gazes at you.
The bolt of fire hits the vile.
The vile completely resists.
The bolt of fire misses you.
You hear a shout!
The observer gazes at you.
The bolt of fire hits the vile.
The vile completely resists.
The bolt of fire hits you!! You resist.
You die...

.°)....%..%.# #.
.))..##.....# #.
))))...%....# #.##
)).○###..%..# ##.#.#
)))).§......###.#.##
#.#.)○)))%)G...)...##
..%..☼○))o).X)9.....###
.#.#.....WS2D.9.......#
.......S.WX%#pDO@##
#.#.#..#{LpDo#.9##
......#.{o.G..9.
.......#..W.p2##
......#......# .○.
........# .# #S. O.


You could see 2 meat beasts, a tyrant, 3 eight-headed meat hydras, 2 observers,
2 scourges, 3 fleshlords, a large abomination, 2 wretched souls, 4 viles, 2 meat
berserkers and 3 bags of meat.

Vanquished Creatures
  A molten gargoyle (D)
  3 hell beasts (D)
  2 greater mummies (D)
  3 wraiths (D)
  Harold (D)
  14 vampire knights (D)
  30 ogres (D)
  9 two-headed ogres (D)
  4 liches (D)
  A hydra (D)
  61 orcs (D)
  5 skeletal warriors (D)
  5 large abominations (D)
  6 small abominations (D)
  6 crawling corpses (D)
151 creatures vanquished.

Vanquished Creatures (others)
  2 two-headed ogres (D)
  A hydra (D)
  8 orcs (D)
  2 crawling corpses (D)
13 creatures vanquished.

Grand Total: 164 creatures vanquished

Notes
Turn   | Place    | Note
-------+----------+-------------------------------------------
     0 | D        | Found the +∞ Axe of Woe
     0 | D        | jt the Formicid Fighter began the quest for the Orb.
     0 | D        | Reached XP level 1. HP: 18/18 MP: 1/1
     2 | D        | Noticed a meat berserker
     2 | D        | Noticed a bag of meat
     3 | D        | Noticed a bag of meat
     4 | D        | Became a worshipper of Makhleb the Destroyer
     5 | D        | Noticed a bag of meat
     6 | D        | Noticed a bag of meat
     6 | D        | Noticed a bag of meat
     6 | D        | Noticed a meat berserker
     6 | D        | Noticed a meat berserker
     7 | D        | Noticed a bag of meat
     7 | D        | Noticed a meat berserker
     7 | D        | Noticed a meat berserker
     8 | D        | Noticed a bag of meat
     9 | D        | Killed a meat berserker
     9 | D        | Reached XP level 2. HP: 24/24 MP: 2/2
     9 | D        | Reached XP level 3. HP: 29/29 MP: 3/3
     9 | D        | Reached XP level 4. HP: 35/35 MP: 4/4
     9 | D        | Reached XP level 5. HP: 41/41 MP: 5/5
     9 | D        | Reached XP level 6. HP: 47/47 MP: 6/6
     9 | D        | Reached XP level 7. HP: 52/52 MP: 7/7
     9 | D        | Reached XP level 8. HP: 58/58 MP: 8/8
     9 | D        | Reached XP level 9. HP: 64/64 MP: 9/9
     9 | D        | Reached XP level 10. HP: 70/70 MP: 10/10
     9 | D        | Reached XP level 11. HP: 75/75 MP: 11/11
     9 | D        | Reached XP level 12. HP: 81/81 MP: 12/12
     9 | D        | Reached XP level 13. HP: 86/86 MP: 13/13
     9 | D        | Killed a bag of meat
     9 | D        | Reached * piety under Makhleb
     9 | D        | Reached skill level 27 in Shields
     9 | D        | Reached XP level 14. HP: 93/93 MP: 14/14
     9 | D        | Noticed a meat berserker
     9 | D        | Noticed a bag of meat
    10 | D        | Killed a meat berserker
    10 | D        | Reached skill level 27 in Axes
    10 | D        | Reached skill level 10 in Fighting
    10 | D        | Reached skill level 10 in Armour
    10 | D        | Reached XP level 15. HP: 117/117 MP: 15/15
    10 | D        | Reached XP level 16. HP: 132/132 MP: 16/16
    11 | D        | Killed a meat berserker
    11 | D        | Reached ** piety under Makhleb
    11 | D        | Reached skill level 15 in Dodging
    11 | D        | Killed a meat berserker
    11 | D        | Reached XP level 17. HP: 158/158 MP: 17/17
    11 | D        | Reached XP level 18. HP: 169/169 MP: 18/18
    11 | D        | Noticed a meat berserker
    12 | D        | Reached *** piety under Makhleb
    13 | D        | Killed a meat berserker
    13 | D        | Reached XP level 19. HP: 185/185 MP: 19/19
    14 | D        | Killed a meat berserker
    14 | D        | Reached **** piety under Makhleb
    14 | D        | Reached skill level 27 in Fighting
    14 | D        | Reached skill level 27 in Armour
    14 | D        | Reached skill level 27 in Dodging
    14 | D        | Reached skill level 1 in Throwing
    14 | D        | Reached skill level 1 in Stealth
    14 | D        | Reached skill level 1 in Unarmed Combat
    14 | D        | Reached skill level 1 in Spellcasting
    14 | D        | Reached skill level 1 in Invocations
    14 | D        | Reached XP level 20. HP: 197/197 MP: 19/30
    14 | D        | Noticed a meat berserker
    14 | D        | Noticed a meat berserker
    15 | D        | Noticed a meat berserker
    16 | D        | Noticed a meat berserker
    17 | D        | Killed a meat berserker
    17 | D        | Reached skill level 15 in Invocations
    17 | D        | Reached ***** piety under Makhleb
    17 | D        | Reached XP level 21. HP: 189/204 MP: 19/39
    17 | D        | Reached skill level 15 in Throwing
    17 | D        | Reached skill level 15 in Unarmed Combat
    17 | D        | Reached skill level 15 in Spellcasting
    19 | D        | Killed a meat berserker
    19 | D        | Killed a meat berserker
    19 | D        | Reached XP level 22. HP: 212/212 MP: 20/46
    20 | D        | Noticed a destroyer
    20 | D        | Noticed a destroyer
    20 | D        | Noticed a destroyer
    21 | D        | Killed a meat berserker
    21 | D        | Killed a meat berserker
    21 | D        | Reached skill level 27 in Stealth
    21 | D        | Reached XP level 23. HP: 219/219 MP: 20/49
    21 | D        | Reached skill level 27 in Invocations
    22 | D        | Noticed a large bag of meat
    22 | D        | Noticed a large bag of meat
    23 | D        | Noticed a large bag of meat
    24 | D        | Noticed a large bag of meat
    24 | D        | Killed a destroyer
    24 | D        | Reached ****** piety under Makhleb
    27 | D        | Killed a large bag of meat
    27 | D        | Reached skill level 27 in Throwing
    27 | D        | Reached skill level 27 in Unarmed Combat
    27 | D        | Reached skill level 27 in Spellcasting
    27 | D        | Reached XP level 24. HP: 227/227 MP: 22/54
    27 | D        | Killed a large bag of meat
    27 | D        | Noticed a large bag of meat
    28 | D        | Reached XP level 25. HP: 234/234 MP: 22/54
    29 | D        | Noticed a destroyer
    30 | D        | Noticed a destroyer
    30 | D        | Killed a large bag of meat
    31 | D        | Killed a destroyer
    31 | D        | Reached XP level 26. HP: 242/242 MP: 23/54
    31 | D        | Killed a large bag of meat
    32 | D        | Noticed a destroyer
    33 | D        | Noticed a destroyer
    33 | D        | Noticed a large bag of meat
    34 | D        | Noticed a destroyer
    35 | D        | Killed a destroyer
    35 | D        | Reached XP level 27. HP: 249/249 MP: 24/54
    38 | D        | Killed a destroyer
    38 | D        | Killed a destroyer
    38 | D        | Killed a destroyer
    38 | D        | Killed a destroyer
    38 | D        | Killed a large bag of meat
    38 | D        | Noticed a destroyer
    39 | D        | Killed a destroyer
    39 | D        | Noticed a destroyer
    40 | D        | Noticed The Servant
    40 | D        | Killed a large bag of meat
    42 | D        | Noticed a destroyer
    42 | D        | Killed a destroyer
    43 | D        | Noticed a destroyer
    43 | D        | Noticed a tyrant
    44 | D        | Killed a tyrant
    44 | D        | Killed a destroyer
    45 | D        | Killed a destroyer
    46 | D        | Noticed a destroyer
    48 | D        | Killed The Servant
    49 | D        | Noticed a tyrant
    50 | D        | Noticed a large bag of meat
    51 | D        | Noticed a tyrant
    52 | D        | Noticed a large bag of meat
    53 | D        | Killed a destroyer
    56 | D        | Killed a tyrant
    56 | D        | Noticed a large bag of meat
    57 | D        | Noticed a tyrant
    58 | D        | Noticed an accursed
    59 | D        | Noticed a dread
    59 | D        | Killed a tyrant
    59 | D        | Noticed an accursed
    60 | D        | Noticed a dread
    60 | D        | Noticed a dread
    60 | D        | Killed a dread
    61 | D        | Noticed a destroyer
    61 | D        | Noticed a meat beast
    62 | D        | Killed a large bag of meat
    62 | D        | Killed a destroyer
    65 | D        | Killed a tyrant
    67 | D        | Killed a large bag of meat
    68 | D        | Killed a destroyer
    68 | D        | Noticed a large bag of meat
    69 | D        | Killed a meat beast
    72 | D        | Killed an accursed
    72 | D        | Noticed a large bag of meat
    73 | D        | Noticed a large bag of meat
    74 | D        | Noticed a meat beast
    74 | D        | Killed a dread
    75 | D        | Killed a dread
    76 | D        | Killed a meat beast
    76 | D        | Noticed a meat beast
    77 | D        | Killed a large bag of meat
    77 | D        | Killed an accursed
    81 | D        | Killed a large bag of meat
    81 | D        | Killed a large bag of meat
    81 | D        | Killed a meat beast
   272 | D        | Noticed a vile
   273 | D        | Noticed a fleshlord
   274 | D        | Noticed a fleshlord
   274 | D        | Noticed a vile
   275 | D        | Killed a vile
   275 | D        | Noticed a tyrant
   276 | D        | Noticed a vile
   276 | D        | Noticed a vile
   276 | D        | Noticed a vile
   277 | D        | Noticed a fleshlord
   277 | D        | Noticed a dread
   277 | D        | Noticed a meat beast
   278 | D        | Noticed a meat beast
   279 | D        | Noticed a meat beast
   279 | D        | HP: 5/247 [meat berserker/+9 battleaxe (19)]
   279 | D        | Killed from afar by an observer

Levels and vault maps discovered:
D:        meatsprint

Skill      XL: |  1  2  3  4  5  6  7  8  9 10 11 12 13 14 15 16 17 18 19 20 21 22 23 |
---------------+----------------------------------------------------------------------+-----
Axes           | 22 24 27 | 27.0
Shields        | 25 27 | 27.0
Fighting       | 10 13 21 22 25 27 | 27.0
Armour         | 10 13 21 22 25 27 | 27.0
Dodging        | 8 11 18 19 22 27 | 27.0
Throwing       | 6 14 20 23 27 | 27.0
Stealth        | 8 18 24 27 | 27.0
Unarmed Combat | 6 14 20 23 27 | 27.0
Spellcasting   | 6 14 20 22 27 | 27.0
Invocations    | 8 16 23 26 27 | 27.0

Action                   |  1- 3 |  4- 6 |  7- 9 | 10-12 | 13-15 | 16-18 | 19-21 | 22-24 | 25-27 || total
-------------------------+-------+-------+-------+-------+-------+-------+-------+-------+-------++-------
Melee: Executioner's axe |     1 |       |       |       |     1 |     3 |     4 |     4 |    45 ||    58
Invok: Major Destruction |       |       |       |       |       |       |       |       |     1 ||     1
       Greater Servant o |       |       |       |       |       |       |       |       |     1 ||     1
 Abil: Dig               |       |       |       |       |       |       |       |       |     1 ||     1
Armor: Scale mail        |       |       |       |       |       |       |       |       |     2 ||     2
Dodge: Dodged            |       |       |       |       |     1 |       |       |       |    12 ||    13
Block: Kite shield       |       |       |       |       |       |       |     3 |       |     6 ||     9

Table legend:
 A = Non-vault XP
 B = Vault XP
 C = Vault XP percentage of total XP
 D = Non-vault monster count
 E = Vault monster count
 F = Vault count percentage of total count
                 A         B        C        D         E       F
            +---------+---------+-------+---------+---------+-------
      Total | 2485938 |  817437 |  24.7 |      72 |      72 |  50.0
            +---------+---------+-------+---------+---------+-------
          D | 2485938 |  817437 |  24.7 |      72 |      72 |  50.0
            +---------+---------+-------+---------+---------+-------
